 Dungeon Crawl Stone Soup version 0.23.0 (webtiles) character file.

Game seed: 17546578357145526705

171 Blackhawk the Chopper (level 5, 0/47 HPs)
             Began as a Hill Orc Monk on Feb 10, 2019.
             Slain by Purgy (1 damage)
             ... in a sewer.
             The game lasted 00:05:31 (3330 turns).

Blackhawk the Chopper (Hill Orc Monk)               Turns: 3330, Time: 00:05:31

Health: 0/47       AC:  4    Str: 15    XL:     5   Next: 51%
Magic:  0/14       EV: 13    Int: 10    God:
Gold:   86         SH:  0    Dex: 13    Spells: 4/4 levels left

rFire    + . .     SeeInvis .   a - +0 hand axe
rCold    . . .     Gourm    .   (no shield)
rNeg     . . .     Faith    .   b - +0 robe
rPois    .         Spirit   +   n - +1 helmet
rElec    .         Reflect  .   h - scarf {Spirit}
rCorr    .         Harm     .   (no gloves)
MR       .....                  (no boots)
Stlth    ++........             (no amulet)
HPRegen  0.15/turn              o - ring of magical power
MPRegen  0.14/turn              l - ring of protection from fire

@: very slightly contaminated, invisible
A: no striking features
a: no special abilities


You were in a sewer.
You were not hungry.

You visited 1 branch of the dungeon, and saw 3 of its levels.
You also visited: Sewer.

You collected 86 gold pieces.

Inventory:

Hand Weapons
 a - a +0 hand axe (weapon)
Armour
 b - a +0 robe (worn)
 h - a scarf of spirit shield (worn)
 n - a +1 helmet (worn)
Jewellery
 k - an uncursed ring of flight
 l - a ring of protection from fire (right hand)
 o - a ring of magical power (left hand)
Wands
 q - a wand of iceblast (11)
Scrolls
 e - 3 scrolls of identify {unknown}
 f - 3 scrolls of teleportation {unknown}
 g - a scroll of immolation {unknown}
 i - 2 scrolls of fog {unknown}
 p - a scroll of magic mapping {unknown}
 r - a scroll of remove curse {unknown}
Comestibles
 c - 5 rations


   Skills:
 + Level 4.8 Fighting
 + Level 5.2 Axes
 + Level 2.2 Armour
 + Level 3.2 Dodging
 - Level 1.8 Stealth


You had 4 spell levels left.
You didn't know any spells.
Your spell library was empty.

Dungeon Overview and Level Annotations

Branches:
Dungeon (3/15)

Altars:
Elyvilon

Annotations:
Sewer Purgy


Message History

Purgy closely misses you. x2; Purgy completely misses you.
You closely miss Purgy.
Purgy is severely wounded.
Purgy bites you.
* * * LOW HITPOINT WARNING * * *
Purgy barely misses you. x2
You closely miss Purgy.
Purgy is severely wounded.
Purgy completely misses you. Purgy closely misses you. x2
You slash Purgy!
Purgy is almost dead.
Purgy snarls, "Go!
Away!"
Purgy barely misses you. Purgy closely misses you. Purgy claws you.
* * * LOW HITPOINT WARNING * * *
You barely miss Purgy.
Purgy is almost dead.
Purgy barely misses you. Purgy claws you.
* * * LOW HITPOINT WARNING * * *
Purgy claws you.
You die...

############### ###
#.##.##.##.##?# #.#
#.##(##.##.##.# #.#
#'##'##(##'##'##+##'#
#...............@...######
#≈≈≈≈≈≈≈≈≈.≈≈≈≈≈≈T≈≈#≈≈≈≈≈≈
#≈≈≈≈≈≈≈≈≈∩≈≈≈≈≈≈≈≈≈#≈≈≈≈≈≈
#≈≈≈≈≈≈≈≈≈.≈≈≈≈≈≈≈≈≈#≈≈≈≈≈≈
#...................#######
#'##'##'##.##'##'##'#
#.##)##.##.##.##)##.#
#.##.##.##∩##.##.##.#
#####################


You could see Purgy.

Vanquished Creatures
  A big kobold (Sewer)
  2 adders (D:2)
  An ooze (D:2)
  3 dart slugs
  6 leopard geckos
  8 giant cockroaches
  2 goblins (D:1)
  7 hobgoblins
  4 jackals (D:1)
  A quokka (D:2)
  4 ball pythons
  10 bats
  5 frilled lizards
  7 kobolds
  3 rats
64 creatures vanquished.

Notes
Turn   | Place    | Note
-------+----------+-------------------------------------------
     0 | D:1      | Blackhawk the Hill Orc Monk began the quest for the Orb.
     0 | D:1      | Reached XP level 1. HP: 19/19 MP: 1/1
   252 | D:1      | Reached XP level 2. HP: 27/27 MP: 2/2
   656 | D:1      | Reached XP level 3. HP: 20/33 MP: 3/3
  1742 | D:2      | Reached skill level 1 in Armour
  1756 | D:2      | Found a white marble altar of Elyvilon.
  1912 | D:2      | Reached XP level 4. HP: 8/41 MP: 1/4
  3031 | D:3      | Found a glowing drain.
  3051 | Sewer    | Entered a sewer
  3104 | Sewer    | Noticed Purgy
  3181 | Sewer    | Noticed a big kobold
  3213 | Sewer    | Killed a big kobold
  3213 | Sewer    | Reached skill level 5 in Axes
  3213 | Sewer    | Reached XP level 5. HP: 47/47 MP: 5/5
  3327 | Sewer    | HP: 2/47 [Purgy (3)]
  3330 | Sewer    | Slain by Purgy

Skill      XL: |  1  2  3  4 |
---------------+-------------+-----
Fighting       | 4 |  4.8
Armour         | 1 2 |  2.2
Dodging        | 3 |  3.2
Axes           | 5 |  5.2
Stealth        | |  1.8

Action                   |  1- 3 |  4- 6 || total
-------------------------+-------+-------++-------
Melee: Hand axe          |   162 |   132 ||   294
  Use: Potion            |     1 |     4 ||     5
 Stab: Sleeping          |     4 |     5 ||     9
       Invisible         |       |     4 ||     4
  Eat: Chunk             |     3 |     5 ||     8
Armor: Robe              |    35 |    38 ||    73
       Skin              |       |    20 ||    20
Dodge: Dodged            |   141 |   128 ||   269
